 Dungeon Crawl Stone Soup version 0.19.0-20-gbc5f0c6 (webtiles) character file.

69 Millan the Shield-Bearer (level 4, -11/37 HPs)
             Began as a Formicid Fighter on Nov 17, 2016.
             Mangled by a gnoll
             ... wielding a +0 halberd
              (12 damage)
             ... on level 2 of the Dungeon.
             The game lasted 00:03:43 (1332 turns).

Millan the Shield-Bearer (Formicid Fighter)         Turns: 1332, Time: 00:03:44

Health: -11/37     AC:  7    Str: 22    XL:     4   Next: 42%
Magic:  4/4        EV:  8    Int:  7    God:
Gold:   58         SH:  9    Dex: 10    Spells: 0 memorised, 3 levels left

rFire  . . .     SeeInvis +     a - +0 war axe
rCold  . . .     Gourm    .     b - +0 scale mail
rNeg   . . .     Faith    .     c - +0 shield
rPois  .         Spirit   .     (helmet unavailable)
rElec  .         Reflect  .     (no cloak)
rCorr  .         Harm     .     (no gloves)
MR     +....                    (no boots)
Stlth  ..........               (no amulet)
                                (no ring)
                                e - ring of protection from magic

@: no status effects
A: permanent stasis, dig shafts and tunnels, four strong arms, antennae 3,
talons 1
a: Dig, Shaft Self


You were on level 2 of the Dungeon.
You were not hungry.

You visited 1 branch of the dungeon, and saw 2 of its levels.

You collected 58 gold pieces.

Inventory:

Hand Weapons
 a - a +0 war axe (weapon)
Armour
 b - a +0 scale mail (worn)
 c - a +0 shield (worn)
Jewellery
 e - a ring of protection from magic (left hand)
Scrolls
 h - a scroll of amnesia {unknown}
 k - 2 scrolls of remove curse {unknown}
 m - a scroll of immolation {unknown}
Potions
 d - 2 potions of might
 i - a potion of invisibility {unknown}
 l - a potion of degeneration {unknown}
Comestibles
 f - 2 bread rations
 n - a meat ration


   Skills:
 + Level 4.0 Fighting
 + Level 2.5 Axes
 + Level 3.8 Armour
 * Level 4.4 Shields


You had 3 spell levels left.
You didn't know any spells.

Dungeon Overview and Level Annotations

Branches:
Dungeon (2/15)

Altars:


Innate Abilities, Weirdness & Mutations

You are under a permanent stasis effect.
You can dig through walls and to a lower floor.
Your four strong arms can wield two-handed weapons with a shield.
You have a pair of large antennae on your head. (SInv)
You have sharp toenails.


Message History

The gnoll barely misses you.
You hit the gnoll.
The gnoll is moderately wounded.
You hit the gnoll. The gnoll hits you with a spear.
The gnoll hits you with a halberd!
Your shield and scale mail prevent you from hitting the gnoll.
The gnoll is heavily wounded.
You hit the gnoll. You block the gnoll's attack.
The gnoll hits you with a halberd! The gnoll hits you with a spear!
* * * LOW HITPOINT WARNING * * *
You hit the gnoll.
The gnoll is severely wounded.
You closely miss the gnoll. The gnoll hits you with a halberd.
* * * LOW HITPOINT WARNING * * *
You block the gnoll's attack.
It was a potion of beneficial mutation.
Your toenails lengthen and sharpen.
You feel fantastic! The gnoll hits you but does no damage.
The gnoll hits you with a halberd!
You die...

....# . .%..##. ...#..
....## ....# ..#
...####.# #g...##.#
#gg>....## ##
#@##.##..### ..
#....##(...######
.###.####..............
.................# #..
###.##.##.###...###....
#...#.#..###....#....
###.....<###..#......
#####....#..##.....
#...............


You could see 3 gnolls.

Vanquished Creatures
  Robin (D:2)
  A dart slug (D:1)
  A ball python (D:1)
  7 bats (D:1)
  A giant cockroach (D:2)
  7 hobgoblins
  7 jackals (D:1)
  4 frilled lizards (D:1)
  11 goblins
  3 kobolds (D:1)
  8 rats
51 creatures vanquished.

Notes
Turn   | Place    | Note
-------+----------+-------------------------------------------
     0 | D:1      | Millan the Formicid Fighter began the quest for the Orb.
     0 | D:1      | Reached XP level 1. HP: 18/18 MP: 1/1
   216 | D:1      | Reached XP level 2. HP: 24/24 MP: 2/2
   365 | D:1      | Reached XP level 3. HP: 25/30 MP: 3/3
  1014 | D:2      | Noticed Robin
  1044 | D:2      | Reached XP level 4. HP: 10/37 MP: 4/4
  1054 | D:2      | Killed Robin
  1331 | D:2      | HP: 1/37 [gnoll/halberd (6)]
  1332 | D:2      | Gained mutation: You have sharp toenails. [potion of beneficial mutation]
  1332 | D:2      | Mangled by a gnoll

Skill      XL: |  1  2  3  4 |
---------------+-------------+-----
Shields        | 4 |  4.4
Fighting       | 4 |  4.0
Axes           | |  2.5
Armour         | |  3.8

Action                   |  1- 3 |  4- 6 || total
-------------------------+-------+-------++-------
Melee: War axe           |   141 |    39 ||   180
 Abil: Dig               |     4 |       ||     4
  Use: Potion            |       |     1 ||     1
  Eat: Chunk             |     1 |     1 ||     2
Armor: Scale mail        |    85 |     7 ||    92
Dodge: Dodged            |    59 |     8 ||    67
Block: Shield            |   105 |    28 ||   133
